 Dungeon Crawl Stone Soup version 0.27-a0-1325-g58a489ad9e (webtiles) character file.

Game seed: 9063572529154771781

60 Orlauf the Chucker (level 4, -3/48 HPs)
             Began as an Ogre Hunter on June 24, 2021.
             Killed from afar by an orc wizard (9 damage)
             ... with a magic dart
             ... on level 3 of the Dungeon.
             The game lasted 00:03:50 (2471 turns).

Orlauf the Chucker (Ogre Hunter)                    Turns: 2471, Time: 00:03:51

Health: -3/48      AC:  3    Str: 16    XL:     4   Next: 6%
Magic:  4/4        EV: 10    Int: 12    God:
Gold:   58         SH:  0    Dex: 10    Spells: 3/3 levels left

rFire    . . .     SeeInvis .   a - +0 whip
rCold    . . .     Faith    .   (no shield)
rNeg     . . .     Spirit   .   m - +0 robe
rPois    .         Reflect  .   (helmet restricted)
rElec    .         Harm     .   (no cloak)
rCorr    .         Rampage  .   (gloves unavailable)
Will     .....                  (boots unavailable)
Stlth    +.........             (no amulet)
HPRegen  0.16/turn              (no ring)
MPRegen  0.09/turn              (no ring)

@: very slightly contaminated, invisible
A: large, unfitting armour, tough skin 1
a: no special abilities


You were on level 3 of the Dungeon.
You visited 1 branch of the dungeon, and saw 3 of its levels.

You collected 86 gold pieces.
You spent 28 gold pieces at shops.

Inventory:

Hand Weapons
 a - a +0 whip (weapon)
 b - a +0 hunting sling
Missiles
 c - 5 large rocks
 d - 2 throwing nets
 e - 11 stones (quivered)
Armour
 m - a +0 robe (worn)
Jewellery
 f - a +4 ring of evasion
Scrolls
 g - 3 scrolls of teleportation {unknown}
 h - 2 scrolls of enchant armour {unknown}
 l - a scroll of amnesia {unknown}
 n - a scroll of identify
Potions
 j - a potion of curing


   Skills:
 * Level 4.0 Fighting
 * Level 1.4 Maces & Flails
 + Level 4.3 Throwing
 + Level 2.2 Dodging
 - Level 0.6 Stealth


You had 3 spell levels left.
You didn't know any spells.
Your spell library was empty.

Dungeon Overview and Level Annotations

Branches:
Dungeon (3/15)

Altars:

Shops:
D:2 ?


Innate Abilities, Weirdness & Mutations

You are too large for most types of armour.
You have tough skin. (AC +1)


Message History

The orc is moderately wounded.
The orc hits you with a +0 club. Something hits you.
You hit the orc.
The orc is severely wounded.
Something hits you. The orc hits you with a +0 club.
* * * LOW HITPOINT WARNING * * *
You closely miss the orc.
The orc is heavily wounded.
The orc hits you with a +0 club.
* * * LOW HITPOINT WARNING * * *
Something hits you.
* * * LOW HITPOINT WARNING * * *
You closely miss the orc.
The orc is heavily wounded.
The orc closely misses you. Something hits you.
* * * LOW HITPOINT WARNING * * *
It was a potion of curing.
You feel better. Something hits you.
* * * LOW HITPOINT WARNING * * *
The orc closely misses you.
It was a potion of cancellation.
You feel magically purged. Something hits you.
* * * LOW HITPOINT WARNING * * *
The orc hits you with a +0 club.
* * * LOW HITPOINT WARNING * * *
It was a potion of invisibility.
You fade into invisibility!
Something hits you.
* * * LOW HITPOINT WARNING * * *
The orc barely misses you.
You are very lightly contaminated with residual magic.
You closely miss the orc.
The orc is heavily wounded.
The orc barely misses you.
You hit the orc but do no damage.
The orc is heavily wounded.
You hit the orc.
You kill the orc!
You hear some strange, mumbled words.
A magic dart appears from out of thin air!
The magic dart hits you!
You die...

..
#.>####.#.#
..
#.........#
#.
##.#.######
#(# #.#.# #..
..#.# #(.
####.#
#.(#######.##
#((..)......#
#...{@.###..#
######.# #..#
#.# #..# #.#
#..# #.# #..#
#.# #..# #.#
#... ..


There were no monsters in sight!

Vanquished Creatures
  2 adders (D:2)
  2 orcs (D:3)
  6 ball pythons
  5 endoplasms
  3 giant cockroaches
  2 goblins
  7 hobgoblins
  5 bats
  A frilled lizard (D:1)
  A kobold (D:1)
  7 rats (D:1)
41 creatures vanquished.

Vanquished Creatures (others)
  A plant (D:1)
  A withered plant (D:2)
2 creatures vanquished.

Grand Total: 43 creatures vanquished

Notes
Turn   | Place    | Note
-------+----------+-------------------------------------------
     0 | D:1      | Orlauf the Ogre Hunter began the quest for the Orb.
     0 | D:1      | Reached XP level 1. HP: 22/22 MP: 1/1
   129 | D:1      | Reached XP level 2. HP: 31/31 MP: 2/2
   699 | D:1      | Reached XP level 3. HP: 37/37 MP: 3/3
  1408 | D:2      | Reached skill level 1 in Maces & Flails
  1589 | D:2      | Found Opexa's Magic Scroll Shop.
  1801 | D:2      | Found a faded altar of an unknown god.
  2155 | D:2      | Bought a scroll of identify for 28 gold pieces
  2197 | D:2      | Reached XP level 4. HP: 48/48 MP: 4/4
  2471 | D:3      | Killed from afar by an orc wizard

Illustrated notes

Levels and vault maps discovered:
D:1:      onia_arrival_handbag, layout_loops_ring, serial_forest,
          infiniplex_forest_lined_3, infiniplex_forest_lined_4_way,
          infiniplex_forest_diagonal, infiniplex_forest_end_1
D:2:      layout_basic, shapermc_ecumenical_altar_flowoftime, serial_shops,
          nicolae_shop_window_shopping
D:3:      layout_loops_ring, serial_shops, shop, kennysheep_nub

Skill      XL: |  1  2  3 |
---------------+----------+-----
Fighting       | 3 4 |  4.0
Dodging        | 2 |  2.2
Maces & Flails | 1 |  1.4
Throwing       | |  4.3
Stealth        | |  0.6

Action                   |  1- 3 |  4- 6 || total
-------------------------+-------+-------++-------
Melee: Short sword       |     6 |       ||     6
       Whip              |    85 |    17 ||   102
 Fire: Hunting sling     |    17 |     9 ||    26
Throw: Stone             |    39 |       ||    39
       Large rock        |     3 |       ||     3
  Use: Potion            |       |     3 ||     3
 Stab: Sleeping          |     3 |       ||     3
Armor: Robe              |    30 |     3 ||    33
Dodge: Dodged            |    44 |    11 ||    55

Table legend: (Time is in decaauts)
 A = Elapsed time spent in this place.
 B = Non-inter-level travel time spent in this place.
 C = Inter-level travel time spent in this place.
 D = Time resting spent in this place.
 E = Time spent auto-exploring this place.
 F = Levels seen in this place.
 G = Mean time per level.
                   A        B        C        D        E       F      G
               +--------+--------+--------+--------+--------+-----+--------+
         Total |   2476 |   2415 |     61 |      0 |   2102 |   3 |  825.3 |
       Dungeon |   2476 |   2415 |     61 |      0 |   2102 |   3 |  825.3 |
               +--------+--------+--------+--------+--------+-----+--------+

Top non-repeatable levels by time:
     D:1: 1303 daAuts
     D:2: 1121 daAuts
     D:3: 51 daAuts
